 Dungeon Crawl Stone Soup version 0.32-a0-938-g40ac7a0 (webtiles) character file.

Game seed: 17261646805984707113

896 Dorkslayer the Shooter (level 8, -10/51 HPs)
             Began as an Octopode Shapeshifter on Apr 17, 2024.
             Was an Initiate of Dithmenos.
             Mangled by a yak (13 damage)
             ... on level 4 of the Dungeon.
             The game lasted 00:08:09 (3235 turns).

Dorkslayer the Shooter (Octopode Shapeshifter)      Turns: 3235, Time: 00:08:11

Health: -10/51     AC:  1    Str: 19    XL:     8   Next: 7%
Magic:  8/8        EV: 13    Int: 19    God:    Dithmenos [......]
Gold:   209        SH:  0    Dex: 14    Spells: 7/7 levels left

rFire   + . .        f - +8 sling "Ykocaquc" {drain, Fly rF+ Str+4 Dex+3}
rCold   . . .        (no shield)
rNeg    . . .        (helmet currently unavailable)
rPois   .            (no amulet)
rElec   .            e - ring of flight
rCorr   .            i - +6 ring of intelligence
SInv    .            (no ring)
Will    .....        (no ring)
Stlth   +++          (no ring)
HPRegen 0.28/turn    (no ring)
MPRegen 0.11/turn    (no ring)
                     (no ring)

%: no passive effects
@: beast-form, flying
A: beast (slay +2), almost no armour, amphibious, 8 rings, camouflage 1,
gelatinous body 1, (nimble swimmer 1), tentacles
a: Begin Untransformation, Renounce Religion


You were on level 4 of the Dungeon.
You worshipped Dithmenos.
Dithmenos was noncommittal.
You were a hulking beast.
You visited 1 branch of the dungeon, and saw 5 of its levels.

You collected 209 gold pieces.

Inventory:

Hand Weapons
 f - the +8 sling "Ykocaquc" (weapon) {drain, Fly rF+ Str+4 Dex+3}
   (You found it on level 3 of the Dungeon)

   Str+4:     It affects your strength (+4).
   Dex+3:     It affects your dexterity (+3).
   rF+:       It protects you from fire.
   Fly:       It grants you flight.
Armour
 n - a +0 kite shield
Jewellery
 e - a ring of flight (left tentacle)
 i - a +6 ring of intelligence (right tentacle)
Talismans
 b - a beast talisman (active)
 c - a flux talisman
Scrolls
 h - a scroll of silence {unknown}
 k - 2 scrolls of identify
 l - a scroll of amnesia {unknown}
Potions
 a - a potion of lignification
 d - 4 potions of curing
 g - a potion of ambrosia
 j - a potion of haste {unknown}
 m - a potion of attraction {unknown}
 o - a potion of magic {unknown}
 p - a potion of enlightenment {unknown}


   Skills:
 + Level 2.3 Fighting
 * Level 5.4 Ranged Weapons
 + Level 3.0 Dodging
 + Level 3.4 Stealth
 + Level 5.3 Unarmed Combat
 + Level 4.0 Shapeshifting


You had 7 spell levels left.
You didn't know any spells.
Your spell library contained the following spells:

 Spells                   Type           Power      Damage    Failure   Level
 Blink                    Tloc           0%         N/A       30%         2
 Lesser Beckoning         Tloc           0%         N/A       30%         2
 Momentum Strike          Conj/Tloc      0%         3d8       30%         2
 Brom's Barrelling Bould  Conj/Erth      0%         2d3       90%         4
 Fireball                 Conj/Fire      0%         3d3       99%         5
 Iskenderun's Battlesphe  Conj           0%         2d6       99%         5
 Conjure Ball Lightning   Conj/Air       0%         3x3d6     100%        6
 Orb of Destruction       Conj           0%         9d5       100%        7


Dungeon Overview and Level Annotations

Branches:
Dungeon (5/15)
 Temple: D:4-7

Altars:
Dithmenos
Uskayaw
The Shining One

Annotations:
D:5 1 runed translucent door


Innate Abilities, Weirdness & Mutations

You are a hulking beast.
Your limbs bulge with bestial killing power. (Slay +2)
You cannot wear most types of armour.
You are amphibious.
You can wear up to eight rings at the same time.
Your skin changes colour to match your surroundings (Stealth+).
Your rubbery body absorbs attacks. (AC +1, EV +1)
((You are camouflaged when in or above water. (Stealth+)))
You have tentacles for arms and can constrict up to eight enemies at once.


Message History

You shoot a sling bullet. The sling bullet hits the yak!
You drain the yak.
The yak is heavily wounded.
The yak barely misses you.
You shoot a sling bullet. The sling bullet hits the yak!
The yak is severely wounded.
The yak barely misses you.
You shoot a sling bullet. The sling bullet hits the yak!
You drain the yak.
You kill the yak!
Dithmenos accepts your kill.
Your Ranged Weapons skill increases to level 5!
You have reached level 8!
You fly downwards.
Level annotation: 1 runed translucent door The ufetubus hits you. x2; The ufetubus closely misses you.
The ufetubus hits you. The ogre barely misses you. The yak closely misses you.
The jelly hits you.
You are splashed with acid!
The ufetubus barely misses you. The ufetubus hits you.
The ufetubus closely misses you. The ufetubus hits you.
There is a stone staircase leading up, spattered with blood here.
The ufetubus slips past you! The ufetubus hits you. x2
* * * LOW HITPOINT WARNING * * *
The ufetubus hits you.
* * * LOW HITPOINT WARNING * * *
The ufetubus closely misses you. The jelly barely misses you.
The yak barely misses you. The yak gores you.
* * * LOW HITPOINT WARNING * * *
The yak gores you.
* * * LOW HITPOINT WARNING * * *
The ogre closely misses you.
You fly upwards.
There is a stone staircase leading down here.
As you read the scroll labelled VETOLIOMIZE, it crumbles to dust.
It is a scroll of identify.
g - a potion of ambrosia The ufetubus hits you but does no damage.
The ufetubus hits you.
* * * LOW HITPOINT WARNING * * *
The ufetubus hits you but does no damage.
The ufetubus barely misses you. The jelly hits you but does no damage.
The yak barely misses you. The yak gores you!
You die...

#....≈.#.........#.......#####
.###.≈.#.........#.......#
≈._#.≈.#.........#.......#
...#.≈.#.........#.......#####
..#.≈.#.≈...##...######......#
.##.≈.#.≈...#######...'......#
≈...≈.#.≈.............#......#
.≈≈≈≈.#.≈......5Y5....#......#
#÷....#.≈......YhO....####+###
.######.≈...##.JY##.........#
≈.......≈...#######...##....#
.≈≈≈≈≈≈≈≈...#....##...########
......#.....#....+....#......#
......'.....##..)##...#......#
......#.....##...##...#......#
......#.....'....####'#......#
......#.....#....#.......#####


You could see 3 yaks, an ogre, a jelly and 2 ufetubi.

Vanquished Creatures
  Sigmund (D:2)
  2 yaks (D:4)
  2 scorpions (D:4)
  2 jellies (D:4)
  A bombardier beetle (D:4)
  A hound (D:4)
  An iguana (D:3)
  An orc wizard (D:3)
  5 gnolls (D:4)
  7 adders
  A ribbon worm (D:2)
  6 orcs
  5 ball pythons
  5 bats
  4 endoplasms
  3 giant cockroaches
  7 goblins
  2 hobgoblins (D:4)
  2 jackals (D:3)
  3 quokkas
  2 frilled lizards
  5 kobolds
  4 rats
72 creatures vanquished.

Notes
Turn   | Place    | Note
-------+----------+-------------------------------------------
     0 | D:1      | Dorkslayer the Octopode Shapeshifter began the quest for
                  | the Orb.
     0 | D:1      | Reached XP level 1. HP: 13/13 MP: 1/1
   120 | D:1      | Reached XP level 2. HP: 15/18 MP: 2/2
   894 | D:2      | Noticed Sigmund
   903 | D:2      | Killed Sigmund
   904 | D:2      | Reached skill level 1 in Stealth
   904 | D:2      | Reached XP level 3. HP: 7/23 MP: 3/3
   904 | D:2      | Reached XP level 4. HP: 8/28 MP: 4/4
   904 | D:2      | Reached XP level 5. HP: 10/33 MP: 5/5
  1224 | D:2      | You are sucked into a shaft and drop 2 floors!
  1274 | D:3      | Identified the +8 sling "Ykocaquc" {drain, Fly rF+ Str+4
                  | Dex+3}
  1330 | D:3      | Reached skill level 5 in Unarmed Combat
  1330 | D:3      | Reached XP level 6. HP: 20/38 MP: 6/6
  1646 | D:3      | Found a glowing golden altar of the Shining One.
  2246 | D:4      | Reached skill level 1 in Ranged Weapons
  2319 | D:4      | Reached XP level 7. HP: 43/43 MP: 7/7
  2691 | D:4      | Found a shadowy altar of Dithmenos.
  2694 | D:4      | Found a hide-covered altar of Uskayaw.
  2699 | D:4      | Became a worshipper of Dithmenos the Shadowed
  3093 | D:5      | Entered Level 5 of the Dungeon
  3160 | D:5      | Noticed a yak
  3160 | D:5      | Noticed a yak
  3160 | D:5      | Noticed a yak
  3161 | D:5      | Noticed a yak
  3161 | D:5      | Noticed a yak
  3167 | D:4      | Killed a yak
  3225 | D:5      | Noticed a yak
  3225 | D:5      | Found a runed translucent door.
  3230 | D:4      | Killed a yak
  3231 | D:4      | Reached skill level 5 in Ranged Weapons
  3231 | D:4      | Reached XP level 8. HP: 49/51 MP: 8/8
  3235 | D:4      | Mangled by a yak

Illustrated notes

Levels and vault maps discovered:
D:1:      minmay_arrival_jagged, layout_basic
D:2:      layout_loops_corners, uniq_sigmund
D:3:      layout_basic, tso_metal_star, dreamdust_wishing_well, st_stairs_2
D:4:      layout_gridville, nicolae_overflow_squiral, nicolae_grassy_gnolls
D:5:      layout_rooms, ebering_ghost_sewer_f, uniq_grinder

Skill      XL: |  1  2  3  4  5  6  7 |
---------------+----------------------+-----
Stealth        | 1 2 3 |  3.4
Unarmed Combat | 4 5 |  5.3
Shapeshifting  | 4 |  4.0
Ranged Weapons | 2 5 |  5.4
Fighting       | 2 |  2.3
Dodging        | 3 |  3.0

Action                     |  1- 3 |  4- 6 |  7- 9 || total
---------------------------+-------+-------+-------++-------
  Melee: Unarmed           |    26 |    24 |       ||    50
         Constrict         |     9 |     5 |       ||    14
         Tentacles         |     3 |     2 |       ||     5
   Fire: Sling             |       |    48 |    36 ||    84
    Use: Potion            |       |     1 |       ||     1
         Scroll            |       |       |     1 ||     1
   Stab: Sleeping          |     3 |     2 |       ||     5
 Armour: Skin              |     8 |    15 |    33 ||    56
  Dodge: Dodged            |    14 |    16 |    29 ||    59

Table legend: (Time is in decaauts)
 A = Elapsed time spent in this place.
 B = Non-inter-level travel time spent in this place.
 C = Inter-level travel time spent in this place.
 D = Time resting spent in this place.
 E = Time spent auto-exploring this place.
 F = Levels seen in this place.
 G = Mean time per level.
                   A        B        C        D        E       F      G
               +--------+--------+--------+--------+--------+-----+--------+
         Total |   3258 |   3258 |      0 |     39 |   2192 |   5 |  651.6 |
       Dungeon |   3258 |   3258 |      0 |     39 |   2192 |   5 |  651.6 |
               +--------+--------+--------+--------+--------+-----+--------+

Top non-repeatable levels by time:
     D:4: 1016 daAuts
     D:2: 844 daAuts
     D:1: 740 daAuts
     D:3: 644 daAuts
     D:5: 13 daAuts
